Devils vs Hurricanes

Created - den 10 december 2014 at 17:57

Goals
1 2 3 T
Devils 1 2 2 5
Hurricanes 1 0 0 1
Shots
1 2 3 T
Devils 8 5 10 23
Hurricanes 7 3 11 21

1st period

1. Hurricanes , Ryan Kesler 14 (Pavel Datsyuk, Andrew MacDonald) at 3:17 (SH)
2. Devils , Oliver Ekman-Larsson 2 (Drew Stafford, Henrik Sedin) at 10:50 (PP)

Penalties :
Eric Gryba (CAR) for Elbowing (Minor) at 1:20, Matt Hendricks (CAR) for Hooking (Minor) at 9:44

2nd period

3. Devils , Drew Stafford 6 (Carl Gunnarsson, Henrik Sedin) at 2:03
4. Devils , Phil Kessel 15 (Ryan Getzlaf, Zbynek Michalek) at 9:59

Penalties :
Andrew Desjardins (NJD) for Roughing (Minor) at 6:26, Teddy Purcell (CAR) for Cross-checking (Minor) at 15:36

3rd period

5. Devils , Bobby Ryan 9 (Phil Kessel, Ryan Getzlaf) at 3:55
6. Devils , Ryan Getzlaf 11 (Phil Kessel) at 14:13

Penalties :
Matt Halischuk (CAR) for High sticking (Minor) at 4:30, Zbynek Michalek (NJD) for Tripping (Minor) at 4:30, Bobby Ryan (NJD) for Slashing (Minor) at 6:51, Radko Gudas (NJD) for Tripping (Minor) at 7:55, Matt Beleskey (CAR) for Hooking (Minor) at 10:01

Goalie Stats

Corey Crawford (NJD), 20 saves from 21 shots - (0,952), W, 14-7-3, 60:00 minutes
Craig Anderson (CAR), 14 saves from 18 shots - (0,778), L, 18-6-3, 43:55 minutes
Nathan Lieuwen (CAR), 4 saves from 5 shots - (0,800), 16:05 minutes

Players Stats for Devils

Player Name              G  A  P  +/- PIM S  H  SB GA TA FO     MP     PP MP  PK MP  
------------------------------------------------------------------------------------
Andrew Desjardins        0  0  0   0  2   1  1  0  0  0  3/4     7:20   0:00   0:44 
Bobby Ryan               1  0  1   3  2   2  0  0  0  0  0/1    19:07   3:54   0:00 
Brandon Mashinter        0  0  0   0  0   0  1  0  0  0  0/1     6:37   0:00   0:00 
Carl Gunnarsson          0  1  1   1  0   0  0  0  0  0  0/0    19:35   0:00   2:29 
Chris Breen              0  0  0   0  0   0  0  0  0  0  0/0    16:23   3:12   1:08 
Chris Neil               0  0  0   0  0   0  3  0  0  0  1/2    10:12   0:00   0:00 
Daniel Winnik            0  0  0   0  0   0  0  0  0  0  4/5    12:45   0:00   2:33 
Drew Stafford            1  1  2   0  0   2  2  0  0  0  2/2    18:43   3:09   0:47 
Henrik Sedin             0  2  2   0  0   4  0  0  0  0  6/18   17:56   3:09   0:00 
Nikolai Kulemin          0  0  0   1  0   1  1  0  0  0  0/0    16:54   0:43   2:18 
Oliver Ekman-Larsson     1  0  1   2  0   2  1  0  0  0  0/0    23:59   3:45   0:21 
Phil Kessel              1  2  3   3  0   4  1  0  0  0  0/1    20:13   3:54   0:00 
Radko Gudas              0  0  0   0  2   1  3  2  0  0  0/0    20:12   2:35   1:14 
Ryan Getzlaf             1  2  3   3  0   4  3  1  0  0  18/34  22:02   3:54   1:49 
Ryan White               0  0  0   0  0   0  0  0  0  0  0/0     6:37   0:00   0:00 
Sheldon Souray           0  0  0   2  0   1  4  0  0  0  0/0    23:45   3:21   1:45 
Zack Smith               0  0  0  -1  0   1  0  0  0  0  9/13   13:36   2:26   0:58 
Zbynek Michalek          0  1  1   1  2   0  1  1  0  0  0/0    16:04   1:13   3:06 

Players Stats for Hurricanes

Player Name              G  A  P  +/- PIM S  H  SB GA TA FO     MP     PP MP  PK MP  
------------------------------------------------------------------------------------
Andrew MacDonald         0  1  1   1  0   1  0  0  0  0  0/0    24:56   2:59   3:47 
Ben Lovejoy              0  0  0  -2  0   1  0  1  0  0  0/0    20:34   2:03   2:32 
Colby Robak              0  0  0  -2  0   0  1  1  0  0  0/0    15:47   0:00   2:01 
Eric Gryba               0  0  0  -2  2   1  3  0  0  0  0/0    18:45   2:03   1:33 
Joel Rechlicz            0  0  0   0  0   0  1  0  0  0  0/0     4:34   0:00   0:00 
Matt Beleskey            0  0  0   0  2   2  0  0  0  0  0/0    14:07   0:00   0:00 
Matt Halischuk           0  0  0   0  2   2  0  0  0  0  0/0    11:39   0:00   0:00 
Matt Hendricks           0  0  0   0  2   0  0  0  0  0  4/16   15:48   0:00   1:41 
Matthew Konan            0  0  0   0  0   0  1  0  0  0  0/0     0:49   0:00   0:00 
Mike Cammalleri          0  0  0   0  0   2  0  0  0  0  2/3    23:41   2:36   1:42 
Mike Fisher              0  0  0  -4  0   1  2  0  0  0  9/21   20:44   2:45   2:41 
Nate Guenin              0  0  0  -2  0   0  2  1  0  0  0/0    14:56   0:00   2:09 
Pavel Datsyuk            0  1  1   1  0   3  0  0  0  0  2/3    20:55   2:45   3:03 
Ron Hainsey              0  0  0   1  0   0  0  1  0  0  0/0    24:12   2:59   2:04 
Ryan Kesler              1  0  1   1  0   3  5  0  0  0  19/28  21:19   2:17   3:55 
Teddy Purcell            0  0  0  -4  2   2  0  0  0  0  0/1    16:26   2:17   0:00 
Valtteri Filppula        0  0  0  -4  0   3  0  0  0  0  2/4    17:07   2:26   1:04 
Will Acton               0  0  0   0  0   0  0  0  0  0  0/5     4:34   0:00   0:00 

3 Stars

1 - Ryan Getzlaf (NJD)
2 - Phil Kessel (NJD)
3 - Ryan Kesler (CAR)

Power Play

Devils - 1 on 4 Attempt(s) - 25,00%
Hurricanes - 0 on 3 Attempt(s) - 0,00%

Penalty Kill

Devils - 3 on 3 Attempt(s) - 100,00% - Score 0 goal in Penalty Kill
Hurricanes - 3 on 4 Attempt(s) - 75,00% - Score 1 goal in Penalty Kill

Official

Referees : Eric Furlatt and Tom Chmielewski
Linesman : Steve Miller and Johnathan Morrison

Game Notes

Nathan Lieuwen enters game at 3:55 of 3rd period
Matt Halischuk is injured at 6:43 of 3rd period (Back)

Finance

Level 1 -- Attendance: 4481 (71,96%) -- Ticket Income 448.100 kr
Level 2 -- Attendance: 3791 (73,06%) -- Ticket Income 227.460 kr
Level 3 -- Attendance: 1536 (73,99%) -- Ticket Income 53.760 kr
Level 4 -- Attendance: 2985 (71,93%) -- Ticket Income 59.700 kr
Luxury Box -- Attendance: 796 (76,69%) -- Ticket Income 159.200 kr
Game was played at the RBC Center
Total Attendance: 13589 (72,75%)
Total Ticket Income: 948.220 kr
Other Income: 464.628 kr
Total Income: 1.412.848 kr

Devils

5 vs 5 Forward 
   Center                   Left Wing                Right Wing               Time % Phy DF OF 
 1 Ryan Getzlaf             Bobby Ryan               Phil Kessel              40     1   2  2  
 2 Henrik Sedin             Nikolai Kulemin          Drew Stafford            30     1   2  2  
 3 Zack Smith               Daniel Winnik            Chris Neil               20     1   2  2  
 4 Andrew Desjardins        Brandon Mashinter        Ryan White               10     1   2  2  

5 vs 5 Defense 
   Defense                  Defense                                           Time % Phy DF OF 
 1 Oliver Ekman-Larsson     Sheldon Souray                                    40     1   2  2  
 2 Carl Gunnarsson          Radko Gudas                                       30     1   2  2  
 3 Zbynek Michalek          Chris Breen                                       20     1   2  2  
 4 Oliver Ekman-Larsson     Sheldon Souray                                    10     1   2  2  

PowerPlay Forward 
   Center                   Left Wing                Right Wing               Time % Phy DF OF 
 1 Ryan Getzlaf             Bobby Ryan               Phil Kessel              60     0   0  5  
 2 Henrik Sedin             Zack Smith               Drew Stafford            40     0   0  5  

PowerPlay Defense
   Defense                  Defense                                           Time % Phy DF OF 
 1 Sheldon Souray           Oliver Ekman-Larsson                              60     0   0  5  
 2 Chris Breen              Radko Gudas                                       40     0   0  5  

Penalty Kill 4 Players Forward 
   Center                   Wing                     Time % Phy DF OF 
 1 Daniel Winnik            Nikolai Kulemin          60     0   5  0  
 2 Ryan Getzlaf             Andrew Desjardins        40     0   5  0  

Penalty Kill 4 Players Defense
   Defense                  Defense                  Time % Phy DF OF 
 1 Zbynek Michalek          Carl Gunnarsson          60     0   5  0  
 2 Radko Gudas              Sheldon Souray           40     0   5  0  

Penalty Kill - 3 Players Forward 
   Forward                                           Time % Phy DF OF 
 1 Daniel Winnik                                     60     0   5  0  
 2 Nikolai Kulemin                                   40     0   5  0  

Penalty Kill - 3 Players Defense
   Defense                  Defense                  Time % Phy DF OF 
 1 Carl Gunnarsson          Zbynek Michalek          60     0   5  0  
 2 Sheldon Souray           Radko Gudas              40     0   5  0  

4 vs 4 Forward 
   Center                   Wing                     Time % Phy DF OF 
 1 Ryan Getzlaf             Phil Kessel              60     1   2  2  
 2 Henrik Sedin             Drew Stafford            40     1   2  2  

4 vs 4 Defense
   Defense                  Defense                  Time % Phy DF OF 
 1 Oliver Ekman-Larsson     Sheldon Souray           60     1   2  2  
 2 Carl Gunnarsson          Radko Gudas              40     1   2  2  

Last Minutes Offensive
   Center                   Left Wing                Right Wing               Defense                  Defense                  
   Ryan Getzlaf             Bobby Ryan               Phil Kessel              Oliver Ekman-Larsson     Sheldon Souray           

Last Minutes Defensive
   Center                   Left Wing                Right Wing               Defense                  Defense                  
   Ryan Getzlaf             Daniel Winnik            Nikolai Kulemin          Zbynek Michalek          Carl Gunnarsson          

Goaltenders
Starting : Corey Crawford           
Backup : Martin Brodeur           

Extra Forwards
Normal : Daniel Winnik, Nikolai Kulemin, Zack Smith - PP : Daniel Winnik, Nikolai Kulemin - PK : Zack Smith
Extra Defensemen
Normal : Zbynek Michalek, Chris Breen, Carl Gunnarsson - PP : Zbynek Michalek - PK : Chris Breen, Carl Gunnarsson
Penalty Shots
Ryan Getzlaf, Phil Kessel, Henrik Sedin, Drew Stafford, Bobby Ryan

Hurricanes

5 vs 5 Forward 
   Center                   Left Wing                Right Wing               Time % Phy DF OF 
 1 Ryan Kesler              Pavel Datsyuk            Mike Cammalleri          30     0   2  3  
 2 Mike Fisher              Valtteri Filppula        Teddy Purcell            30     0   2  3  
 3 Matt Hendricks           Matt Beleskey            Matt Halischuk           30     1   2  2  
 4 Will Acton               Joel Rechlicz            Mike Cammalleri          10     1   3  1  

5 vs 5 Defense 
   Defense                  Defense                                           Time % Phy DF OF 
 1 Andrew MacDonald         Ron Hainsey                                       40     1   2  2  
 2 Ben Lovejoy              Eric Gryba                                        30     1   2  2  
 3 Nate Guenin              Colby Robak                                       20     1   3  1  
 4 Andrew MacDonald         Ron Hainsey                                       10     1   2  2  

PowerPlay Forward 
   Center                   Left Wing                Right Wing               Time % Phy DF OF 
 1 Mike Fisher              Pavel Datsyuk            Mike Cammalleri          60     0   2  3  
 2 Ryan Kesler              Valtteri Filppula        Teddy Purcell            40     0   2  3  

PowerPlay Defense
   Defense                  Defense                                           Time % Phy DF OF 
 1 Andrew MacDonald         Ron Hainsey                                       60     0   2  3  
 2 Ben Lovejoy              Eric Gryba                                        40     0   2  3  

Penalty Kill 4 Players Forward 
   Center                   Wing                     Time % Phy DF OF 
 1 Ryan Kesler              Pavel Datsyuk            60     1   3  1  
 2 Matt Hendricks           Mike Fisher              40     1   3  1  

Penalty Kill 4 Players Defense
   Defense                  Defense                  Time % Phy DF OF 
 1 Andrew MacDonald         Ron Hainsey              60     0   4  1  
 2 Ben Lovejoy              Eric Gryba               40     1   3  1  

Penalty Kill - 3 Players Forward 
   Forward                                           Time % Phy DF OF 
 1 Ryan Kesler                                       60     1   4  0  
 2 Mike Fisher                                       40     1   4  0  

Penalty Kill - 3 Players Defense
   Defense                  Defense                  Time % Phy DF OF 
 1 Andrew MacDonald         Ron Hainsey              60     1   4  0  
 2 Ben Lovejoy              Eric Gryba               40     1   4  0  

4 vs 4 Forward 
   Center                   Wing                     Time % Phy DF OF 
 1 Mike Fisher              Mike Cammalleri          60     0   2  3  
 2 Ryan Kesler              Pavel Datsyuk            40     0   2  3  

4 vs 4 Defense
   Defense                  Defense                  Time % Phy DF OF 
 1 Andrew MacDonald         Ron Hainsey              60     0   3  2  
 2 Ben Lovejoy              Eric Gryba               40     1   2  2  

Last Minutes Offensive
   Center                   Left Wing                Right Wing               Defense                  Defense                  
   Ryan Kesler              Pavel Datsyuk            Mike Cammalleri          Andrew MacDonald         Ron Hainsey              

Last Minutes Defensive
   Center                   Left Wing                Right Wing               Defense                  Defense                  
   Ryan Kesler              Mike Fisher              Matt Hendricks           Andrew MacDonald         Ron Hainsey              

Goaltenders
Starting : Craig Anderson           
Backup : Nathan Lieuwen           

Extra Forwards
Normal : Mike Fisher, Teddy Purcell, Matt Beleskey - PP : Mike Fisher, Matt Beleskey - PK : Matt Hendricks
Extra Defensemen
Normal : Colby Robak, Ben Lovejoy, Matthew Konan - PP : Eric Gryba - PK : Colby Robak, Andrew MacDonald
Penalty Shots
Pavel Datsyuk, Valtteri Filppula, Mike Cammalleri, Ryan Kesler, Teddy Purcell

% Time on Ice - Devils

Lines # - Real PCT - Wanted PCT - Time Play
Normal Forward
1 - 33% - 40% - 15:14
2 - 30% - 30% - 13:53
3 - 22% - 20% - 10:12
4 - 14% - 10% - 6:37
Normal Defense
1 - 38% - 40% - 17:26
2 - 34% - 30% - 15:29
3 - 26% - 20% - 11:46
4 - 3% - 10% - 1:15
PP Forward
1 - 55% - 60% - 3:54
2 - 45% - 40% - 3:09
PP Defense
1 - 53% - 60% - 3:45
2 - 47% - 40% - 3:18
PK Forward
1 - 70% - 60% - 2:54
2 - 30% - 40% - 1:13
PK Defense
1 - 44% - 60% - 1:48
2 - 56% - 40% - 2:19
PK3 Forward
1 - 65% - 60% - 0:36
2 - 35% - 40% - 0:19
PK3 Defense
1 - 35% - 60% - 0:19
2 - 65% - 40% - 0:36
44 Forward
1 - 55% - 60% - 1:05
2 - 45% - 40% - 0:54
44 Defense
1 - 55% - 60% - 1:05
2 - 45% - 40% - 0:54
Last Minute Offensive  - 0:00
Last Minute Defensive  - 0:00
Total
Forward - 60:00
Defense - 60:00

% Time on Ice - Hurricanes

Lines # - Real PCT - Wanted PCT - Time Play
Normal Forward
1 - 31% - 30% - 14:13
2 - 28% - 30% - 13:01
3 - 31% - 30% - 14:08
4 - 10% - 10% - 4:34
Normal Defense
1 - 38% - 40% - 17:20
2 - 33% - 30% - 14:56
3 - 28% - 20% - 12:47
4 - 2% - 10% - 0:53
PP Forward
1 - 55% - 60% - 2:45
2 - 45% - 40% - 2:17
PP Defense
1 - 59% - 60% - 2:59
2 - 41% - 40% - 2:03
PK Forward
1 - 78% - 60% - 5:28
2 - 22% - 40% - 1:35
PK Defense
1 - 54% - 60% - 3:49
2 - 46% - 40% - 3:14
PK3 Forward
1 - 0% - 60%
2 - 0% - 40%
PK3 Defense
1 - 0% - 60%
2 - 0% - 40%
44 Forward
1 - 55% - 60% - 1:05
2 - 45% - 40% - 0:54
44 Defense
1 - 47% - 60% - 0:56
2 - 53% - 40% - 1:03
Last Minute Offensive  - 0:00
Last Minute Defensive  - 0:00
Total
Forward - 60:00
Defense - 60:00

Play by Play

1st period


0:01 of 1st period - Ryan Getzlaf wins face-off versus Mike Cammalleri in neutral zone.
0:08 of 1st period - Icing by Andrew MacDonald.
0:09 of 1st period - Ryan Kesler wins face-off versus Henrik Sedin in Hurricanes zone.
0:19 of 1st period - Pavel Datsyuk is hit by Radko Gudas and loses puck.
0:55 of 1st period - Icing by Andrew MacDonald.
0:56 of 1st period - Ryan Kesler wins face-off versus Chris Neil in Hurricanes zone.
0:56 of 1st period - Ryan Kesler is hit by Chris Neil.
0:59 of 1st period - Icing by Pavel Datsyuk.
1:00 of 1st period - Ryan Getzlaf wins face-off versus Ryan Kesler in Hurricanes zone.
1:17 of 1st period - Shot by Ryan Getzlaf.
1:17 of 1st period - Stopped by Craig Anderson without a rebound.
1:18 of 1st period - Zack Smith wins face-off versus Mike Fisher in Hurricanes zone.
1:20 of 1st period - Minor Penalty to Eric Gryba for Elbowing.
1:21 of 1st period - Ryan Kesler wins face-off versus Ryan Getzlaf in Hurricanes zone.
1:50 of 1st period - Shot by Ryan Getzlaf.
1:50 of 1st period - Shot Misses the Net.
2:19 of 1st period - Icing by Chris Breen.
2:20 of 1st period - Henrik Sedin wins face-off versus Matt Hendricks in Devils zone.
3:15 of 1st period - Shot by Ryan Kesler.
3:15 of 1st period - Shot Misses the Net.
3:17 of 1st period - Shot by Ryan Kesler.
3:17 of 1st period - Goal by Ryan Kesler - Devils : 0 - Hurricanes : 1.
3:18 of 1st period - Ryan Getzlaf wins face-off versus Pavel Datsyuk in neutral zone.
3:21 of 1st period - Will Acton is hit by Brandon Mashinter and loses puck.
4:50 of 1st period - Shot by Drew Stafford.
4:50 of 1st period - Deflect By Henrik Sedin.
4:50 of 1st period - Stopped by Craig Anderson without a rebound.
4:51 of 1st period - Zack Smith wins face-off versus Matt Hendricks in Hurricanes zone.
4:51 of 1st period - Zack Smith is hit by Eric Gryba.
4:56 of 1st period - Icing by Eric Gryba.
4:57 of 1st period - Henrik Sedin wins face-off versus Matt Hendricks in Hurricanes zone.
5:12 of 1st period - Ben Lovejoy is hit by Drew Stafford and loses puck.
5:28 of 1st period - Icing by Oliver Ekman-Larsson.
5:29 of 1st period - Henrik Sedin wins face-off versus Mike Fisher in Devils zone.
5:29 of 1st period - Henrik Sedin is hit by Mike Fisher.
5:45 of 1st period - Off-side.
5:46 of 1st period - Ryan Kesler wins face-off versus Ryan Getzlaf in neutral zone.
6:23 of 1st period - Shot by Pavel Datsyuk.
6:23 of 1st period - Shot Blocked by Ryan Getzlaf.
6:47 of 1st period - Shot by Matt Hendricks.
6:47 of 1st period - Shot Misses the Net.
6:53 of 1st period - Eric Gryba is hit by Ryan Getzlaf.
7:04 of 1st period - Icing by Zbynek Michalek.
7:05 of 1st period - Ryan Getzlaf wins face-off versus Mike Fisher in Devils zone.
7:18 of 1st period - Shot by Daniel Winnik.
7:18 of 1st period - Shot Misses the Net.
7:32 of 1st period - Colby Robak is hit by Radko Gudas and loses puck.
7:45 of 1st period - Shot by Zack Smith.
7:45 of 1st period - Shot Misses the Net.
8:30 of 1st period - Shot by Ryan Kesler.
8:30 of 1st period - Stopped by Corey Crawford without a rebound.
8:31 of 1st period - Andrew Desjardins wins face-off versus Matt Hendricks in Devils zone.
8:52 of 1st period - Shot by Brandon Mashinter.
8:52 of 1st period - Shot Blocked by Ben Lovejoy.
8:54 of 1st period - Shot by Radko Gudas.
8:54 of 1st period - Stopped by Craig Anderson without a rebound.
8:55 of 1st period - Ryan Kesler wins face-off versus Zack Smith in Hurricanes zone.
8:55 of 1st period - Ryan Kesler is hit by Chris Neil.
9:44 of 1st period - Minor Penalty to Matt Hendricks for Hooking.
9:45 of 1st period - Ryan Kesler wins face-off versus Ryan Getzlaf in Hurricanes zone.
9:56 of 1st period - Radko Gudas is hit by Ryan Kesler and loses puck.
10:32 of 1st period - Icing by Oliver Ekman-Larsson.
10:33 of 1st period - Ryan Kesler wins face-off versus Henrik Sedin in Devils zone.
10:46 of 1st period - Shot by Drew Stafford.
10:46 of 1st period - Shot Misses the Net.
10:48 of 1st period - Shot by Oliver Ekman-Larsson.
10:48 of 1st period - Stopped by Craig Anderson with a rebound.
10:50 of 1st period - Shot by Oliver Ekman-Larsson.
10:50 of 1st period - Goal by Oliver Ekman-Larsson - Devils : 1 - Hurricanes : 1.
10:51 of 1st period - Andrew Desjardins wins face-off versus Matt Hendricks in neutral zone.
11:31 of 1st period - Icing by Colby Robak.
11:32 of 1st period - Ryan Getzlaf wins face-off versus Matt Hendricks in Hurricanes zone.
11:37 of 1st period - Shot by Ryan Getzlaf.
11:37 of 1st period - Shot Blocked by Colby Robak.
12:02 of 1st period - Icing by Sheldon Souray.
12:03 of 1st period - Mike Fisher wins face-off versus Ryan Getzlaf in Devils zone.
12:03 of 1st period - Mike Fisher is hit by Sheldon Souray.
12:52 of 1st period - Icing by Oliver Ekman-Larsson.
12:53 of 1st period - Ryan Getzlaf wins face-off versus Ryan Kesler in Devils zone.
13:05 of 1st period - Icing by Andrew MacDonald.
13:06 of 1st period - Mike Cammalleri wins face-off versus Henrik Sedin in Hurricanes zone.
13:06 of 1st period - Mike Cammalleri is hit by Drew Stafford.
13:28 of 1st period - Shot by Nikolai Kulemin.
13:28 of 1st period - Stopped by Craig Anderson without a rebound.
13:29 of 1st period - Zack Smith wins face-off versus Mike Fisher in Hurricanes zone.
13:29 of 1st period - Zack Smith is hit by Eric Gryba.
13:53 of 1st period - Mike Fisher is hit by Chris Neil and loses puck.
14:04 of 1st period - Shot by Zack Smith.
14:04 of 1st period - Shot Misses the Net.
14:13 of 1st period - Icing by Mike Fisher.
14:14 of 1st period - Drew Stafford wins face-off versus Mike Fisher in Hurricanes zone.
14:48 of 1st period - Henrik Sedin is hit by Eric Gryba and loses puck.
15:33 of 1st period - Shot by Matt Halischuk.
15:33 of 1st period - Stopped by Corey Crawford with a rebound.
15:35 of 1st period - Shot by Andrew MacDonald.
15:35 of 1st period - Stopped by Corey Crawford without a rebound.
15:36 of 1st period - Ryan Kesler wins face-off versus Phil Kessel in Devils zone.
15:43 of 1st period - Shot by Ryan Kesler.
15:43 of 1st period - Shot Misses the Net.
15:47 of 1st period - Shot by Ryan Kesler.
15:47 of 1st period - Shot Misses the Net.
15:49 of 1st period - Shot by Colby Robak.
15:49 of 1st period - Shot Hit the Post.
15:51 of 1st period - Shot by Pavel Datsyuk.
15:51 of 1st period - Stopped by Corey Crawford without a rebound.
15:52 of 1st period - Zack Smith wins face-off versus Will Acton in Devils zone.
15:52 of 1st period - Zack Smith is hit by Joel Rechlicz.
16:04 of 1st period - Shot by Daniel Winnik.
16:04 of 1st period - Shot Misses the Net.
16:44 of 1st period - Shot by Matt Halischuk.
16:44 of 1st period - Shot Blocked by Zbynek Michalek.
17:09 of 1st period - Icing by Sheldon Souray.
17:10 of 1st period - Ryan Getzlaf wins face-off versus Mike Fisher in Devils zone.
17:23 of 1st period - Shot by Phil Kessel.
17:23 of 1st period - Stopped by Craig Anderson without a rebound.
17:24 of 1st period - Ryan Kesler wins face-off versus Andrew Desjardins in Hurricanes zone.
17:40 of 1st period - Ryan Kesler is hit by Sheldon Souray and loses puck.
17:56 of 1st period - Icing by Eric Gryba.
17:57 of 1st period - Ryan Kesler wins face-off versus Ryan Getzlaf in Hurricanes zone.
17:57 of 1st period - Ryan Kesler is hit by Ryan Getzlaf.
18:15 of 1st period - Shot by Bobby Ryan.
18:15 of 1st period - Shot Misses the Net.
18:25 of 1st period - Shot by Ryan Getzlaf.
18:25 of 1st period - Shot Misses the Net.
19:03 of 1st period - Shot by Matt Halischuk.
19:03 of 1st period - Stopped by Corey Crawford without a rebound.
19:04 of 1st period - Zack Smith wins face-off versus Mike Fisher in Devils zone.
19:28 of 1st period - Shot by Mike Fisher.
19:28 of 1st period - Shot Misses the Net.
19:38 of 1st period - Shot by Valtteri Filppula.
19:38 of 1st period - Stopped by Corey Crawford without a rebound.
19:39 of 1st period - Henrik Sedin wins face-off versus Matt Hendricks in Devils zone.
19:56 of 1st period - Shot by Henrik Sedin.
19:56 of 1st period - Stopped by Craig Anderson without a rebound.
19:57 of 1st period - Ryan Getzlaf wins face-off versus Will Acton in Hurricanes zone.
Goals for this period are 1 for Devils vs 1 for Hurricanes.
Shots for this period are 8 for Devils vs 7 for Hurricanes.

2nd period


0:01 of 2nd period - Ryan Getzlaf wins face-off versus Matt Hendricks in neutral zone.
1:06 of 2nd period - Shot by Valtteri Filppula.
1:06 of 2nd period - Shot Misses the Net.
1:12 of 2nd period - Shot by Valtteri Filppula.
1:12 of 2nd period - Shot Misses the Net.
1:23 of 2nd period - Icing by Ryan Getzlaf.
1:24 of 2nd period - Ryan Kesler wins face-off versus Ryan Getzlaf in Devils zone.
1:36 of 2nd period - Pavel Datsyuk is hit by Sheldon Souray and loses puck.
1:43 of 2nd period - Shot by Pavel Datsyuk.
1:43 of 2nd period - Stopped by Corey Crawford without a rebound.
1:44 of 2nd period - Mike Fisher wins face-off versus Henrik Sedin in Devils zone.
2:03 of 2nd period - Shot by Drew Stafford.
2:03 of 2nd period - Goal by Drew Stafford - Devils : 2 - Hurricanes : 1.
2:04 of 2nd period - Zack Smith wins face-off versus Ryan Kesler in neutral zone.
2:04 of 2nd period - Daniel Winnik is hit by Ryan Kesler.
2:18 of 2nd period - Icing by Chris Breen.
2:19 of 2nd period - Chris Neil wins face-off versus Matt Hendricks in Devils zone.
2:42 of 2nd period - Shot by Matt Halischuk.
2:42 of 2nd period - Shot Misses the Net.
3:08 of 2nd period - Ron Hainsey is hit by Nikolai Kulemin and loses puck.
4:03 of 2nd period - Shot by Andrew Desjardins.
4:03 of 2nd period - Stopped by Craig Anderson with a rebound.
4:05 of 2nd period - Shot by Sheldon Souray.
4:05 of 2nd period - Shot Misses the Net.
4:22 of 2nd period - Bobby Ryan is hit by Ryan Kesler and loses puck.
4:27 of 2nd period - Shot by Phil Kessel.
4:27 of 2nd period - Shot Misses the Net.
5:41 of 2nd period - Icing by Colby Robak.
5:42 of 2nd period - Matt Hendricks wins face-off versus Henrik Sedin in Hurricanes zone.
6:26 of 2nd period - Minor Penalty to Andrew Desjardins for Roughing.
6:27 of 2nd period - Daniel Winnik wins face-off versus Ryan Kesler in Devils zone.
6:40 of 2nd period - Shot by Ryan Kesler.
6:40 of 2nd period - Stopped by Corey Crawford without a rebound.
6:41 of 2nd period - Daniel Winnik wins face-off versus Mike Fisher in Devils zone.
7:45 of 2nd period - Shot by Ben Lovejoy.
7:45 of 2nd period - Shot Misses the Net.
8:22 of 2nd period - Pavel Datsyuk is hit by Radko Gudas and loses puck.
9:59 of 2nd period - Shot by Phil Kessel.
9:59 of 2nd period - Goal by Phil Kessel - Devils : 3 - Hurricanes : 1.
10:00 of 2nd period - Mike Fisher wins face-off versus Henrik Sedin in neutral zone.
10:48 of 2nd period - Icing by Chris Breen.
10:49 of 2nd period - Ryan Kesler wins face-off versus Henrik Sedin in Devils zone.
10:58 of 2nd period - Shot by Mike Cammalleri.
10:58 of 2nd period - Shot Misses the Net.
11:22 of 2nd period - Pavel Datsyuk is hit by Ryan Getzlaf and loses puck.
11:30 of 2nd period - Phil Kessel is hit by Colby Robak and loses puck.
11:39 of 2nd period - Ryan Getzlaf is hit by Nate Guenin and loses puck.
12:07 of 2nd period - Daniel Winnik is hit by Nate Guenin and loses puck.
12:10 of 2nd period - Shot by Zack Smith.
12:10 of 2nd period - Stopped by Craig Anderson without a rebound.
12:11 of 2nd period - Mike Fisher wins face-off versus Brandon Mashinter in Hurricanes zone.
12:48 of 2nd period - Shot by Valtteri Filppula.
12:48 of 2nd period - Shot Misses the Net.
12:50 of 2nd period - Shot by Valtteri Filppula.
12:50 of 2nd period - Shot Misses the Net.
13:11 of 2nd period - Icing by Sheldon Souray.
13:12 of 2nd period - Ryan Getzlaf wins face-off versus Matt Hendricks in Devils zone.
14:29 of 2nd period - Icing by Eric Gryba.
14:30 of 2nd period - Zack Smith wins face-off versus Matt Hendricks in Hurricanes zone.
14:59 of 2nd period - Shot by Mike Cammalleri.
14:59 of 2nd period - Shot Blocked by Radko Gudas.
15:01 of 2nd period - Shot by Ryan Kesler.
15:01 of 2nd period - Shot Misses the Net.
15:07 of 2nd period - Shot by Pavel Datsyuk.
15:07 of 2nd period - Shot Misses the Net.
15:36 of 2nd period - Minor Penalty to Teddy Purcell for Cross-checking.
15:37 of 2nd period - Ryan Kesler wins face-off versus Ryan Getzlaf in Hurricanes zone.
15:37 of 2nd period - Ryan Kesler is hit by Phil Kessel.
16:52 of 2nd period - Shot by Drew Stafford.
16:52 of 2nd period - Stopped by Craig Anderson with a rebound.
16:54 of 2nd period - Shot by Chris Breen.
16:54 of 2nd period - Shot Misses the Net.
17:02 of 2nd period - Shot by Nikolai Kulemin.
17:02 of 2nd period - Shot Misses the Net.
17:17 of 2nd period - Icing by Sheldon Souray.
17:18 of 2nd period - Pavel Datsyuk wins face-off versus Ryan Getzlaf in Devils zone.
17:42 of 2nd period - Icing by Colby Robak.
17:43 of 2nd period - Andrew Desjardins wins face-off versus Will Acton in Hurricanes zone.
18:02 of 2nd period - Shot by Mike Cammalleri.
18:02 of 2nd period - Stopped by Corey Crawford with a rebound.
19:29 of 2nd period - Icing by Ron Hainsey.
19:30 of 2nd period - Zack Smith wins face-off versus Mike Fisher in Hurricanes zone.
Goals for this period are 2 for Devils vs 0 for Hurricanes.
Shots for this period are 5 for Devils vs 3 for Hurricanes.

3rd period


0:01 of 3rd period - Mike Fisher wins face-off versus Ryan Getzlaf in neutral zone.
0:12 of 3rd period - Shot by Mike Fisher.
0:12 of 3rd period - Stopped by Corey Crawford without a rebound.
0:13 of 3rd period - Ryan Kesler wins face-off versus Henrik Sedin in Devils zone.
0:14 of 3rd period - Shot by Mike Cammalleri.
0:14 of 3rd period - Shot Misses the Net.
0:20 of 3rd period - Shot by Drew Stafford.
0:20 of 3rd period - Shot Misses the Net.
0:22 of 3rd period - Shot by Henrik Sedin.
0:22 of 3rd period - Stopped by Craig Anderson without a rebound.
0:23 of 3rd period - Mike Fisher wins face-off versus Bobby Ryan in Hurricanes zone.
0:34 of 3rd period - Teddy Purcell is hit by Sheldon Souray and loses puck.
0:49 of 3rd period - Shot by Teddy Purcell.
0:49 of 3rd period - Stopped by Corey Crawford without a rebound.
0:50 of 3rd period - Henrik Sedin wins face-off versus Ryan Kesler in Devils zone.
0:55 of 3rd period - Shot by Pavel Datsyuk.
0:55 of 3rd period - Shot Blocked by Radko Gudas.
0:59 of 3rd period - Shot by Pavel Datsyuk.
0:59 of 3rd period - Stopped by Corey Crawford with a rebound.
1:01 of 3rd period - Shot by Eric Gryba.
1:01 of 3rd period - Stopped by Corey Crawford without a rebound.
1:02 of 3rd period - Matt Hendricks wins face-off versus Zack Smith in Devils zone.
1:11 of 3rd period - Shot by Matt Beleskey.
1:11 of 3rd period - Stopped by Corey Crawford without a rebound.
1:12 of 3rd period - Valtteri Filppula wins face-off versus Ryan Getzlaf in Devils zone.
1:12 of 3rd period - Valtteri Filppula is hit by Oliver Ekman-Larsson.
1:23 of 3rd period - Shot by Valtteri Filppula.
1:23 of 3rd period - Stopped by Corey Crawford without a rebound.
1:24 of 3rd period - Ryan Kesler wins face-off versus Henrik Sedin in Devils zone.
1:38 of 3rd period - Shot by Drew Stafford.
1:38 of 3rd period - Deflect By Henrik Sedin.
1:38 of 3rd period - Stopped by Craig Anderson without a rebound.
1:39 of 3rd period - Ryan Getzlaf wins face-off versus Teddy Purcell in Hurricanes zone.
1:42 of 3rd period - Shot by Phil Kessel.
1:42 of 3rd period - Stopped by Craig Anderson without a rebound.
1:43 of 3rd period - Ryan Getzlaf wins face-off versus Mike Fisher in Hurricanes zone.
2:11 of 3rd period - Shot by Teddy Purcell.
2:11 of 3rd period - Deflect By Valtteri Filppula.
2:11 of 3rd period - Stopped by Corey Crawford without a rebound.
2:12 of 3rd period - Pavel Datsyuk wins face-off versus Henrik Sedin in Devils zone.
3:18 of 3rd period - Shot by Matt Beleskey.
3:18 of 3rd period - Stopped by Corey Crawford without a rebound.
3:19 of 3rd period - Valtteri Filppula wins face-off versus Ryan Getzlaf in Devils zone.
3:47 of 3rd period - Shot by Ryan Getzlaf.
3:47 of 3rd period - Stopped by Craig Anderson with a rebound.
3:55 of 3rd period - Shot by Bobby Ryan.
3:55 of 3rd period - The goal is going for a video replay.
3:55 of 3rd period - The goal is good.
3:55 of 3rd period - Goal by Bobby Ryan - Devils : 4 - Hurricanes : 1.
3:55 of 3rd period - Nathan Lieuwen enters game.
3:56 of 3rd period - Zack Smith wins face-off versus Matt Hendricks in neutral zone.
3:59 of 3rd period - Shot by Chris Neil.
3:59 of 3rd period - Shot Blocked by Ron Hainsey.
4:11 of 3rd period - Shot by Matt Halischuk.
4:11 of 3rd period - Shot Misses the Net.
4:30 of 3rd period - Minor Penalty to Matt Halischuk for High sticking.
4:30 of 3rd period - Minor Penalty to Zbynek Michalek for Tripping.
4:31 of 3rd period - Ryan Getzlaf wins face-off versus Mike Fisher in Devils zone.
4:46 of 3rd period - Shot by Mike Cammalleri.
4:46 of 3rd period - Stopped by Corey Crawford with a rebound.
5:48 of 3rd period - Icing by Carl Gunnarsson.
5:49 of 3rd period - Ryan Kesler wins face-off versus Henrik Sedin in Devils zone.
6:27 of 3rd period - Icing by Sheldon Souray.
6:28 of 3rd period - Mike Fisher wins face-off versus Ryan Getzlaf in Devils zone.
6:42 of 3rd period - Matt Halischuk is hit by Zbynek Michalek and loses puck.
6:43 of 3rd period - Matt Halischuk from Hurricanes is injured at 6:43 of 3rd period (Back).
6:44 of 3rd period - Ryan Getzlaf wins face-off versus Valtteri Filppula in Devils zone.
6:50 of 3rd period - Off-side.
6:51 of 3rd period - Matt Hendricks wins face-off versus Ryan Getzlaf in neutral zone.
6:51 of 3rd period - Minor Penalty to Bobby Ryan for Slashing.
6:52 of 3rd period - Daniel Winnik wins face-off versus Mike Fisher in Devils zone.
7:00 of 3rd period - Off-side.
7:01 of 3rd period - Mike Cammalleri wins face-off versus Daniel Winnik in neutral zone.
7:16 of 3rd period - Shot by Mike Cammalleri.
7:16 of 3rd period - Shot Misses the Net.
7:45 of 3rd period - Icing by Andrew MacDonald.
7:46 of 3rd period - Mike Fisher wins face-off versus Ryan Getzlaf in Hurricanes zone.
7:46 of 3rd period - Mike Fisher is hit by Andrew Desjardins.
7:55 of 3rd period - Minor Penalty to Radko Gudas for Tripping.
7:56 of 3rd period - Daniel Winnik wins face-off versus Ryan Kesler in Devils zone.
7:56 of 3rd period - Daniel Winnik is hit by Ryan Kesler.
7:59 of 3rd period - Sheldon Souray is hit by Ryan Kesler and loses puck.
8:55 of 3rd period - Shot by Andrew MacDonald.
8:55 of 3rd period - Shot Misses the Net.
8:57 of 3rd period - Shot by Andrew MacDonald.
8:57 of 3rd period - Shot Misses the Net.
9:05 of 3rd period - Shot by Mike Cammalleri.
9:05 of 3rd period - Shot Misses the Net.
10:01 of 3rd period - Minor Penalty to Matt Beleskey for Hooking.
10:02 of 3rd period - Ryan Getzlaf wins face-off versus Ryan Kesler in Hurricanes zone.
11:54 of 3rd period - Shot by Bobby Ryan.
11:54 of 3rd period - Stopped by Nathan Lieuwen without a rebound.
11:55 of 3rd period - Matt Hendricks wins face-off versus Henrik Sedin in Hurricanes zone.
12:08 of 3rd period - Andrew Desjardins is hit by Matthew Konan and loses puck.
12:52 of 3rd period - Icing by Nikolai Kulemin.
12:53 of 3rd period - Henrik Sedin wins face-off versus Will Acton in Devils zone.
13:08 of 3rd period - Shot by Mike Cammalleri.
13:08 of 3rd period - Deflect By Will Acton.
13:08 of 3rd period - Shot Misses the Net.
13:10 of 3rd period - Shot by Andrew MacDonald.
13:10 of 3rd period - Shot Misses the Net.
13:38 of 3rd period - Shot by Teddy Purcell.
13:38 of 3rd period - Stopped by Corey Crawford without a rebound.
13:39 of 3rd period - Ryan Getzlaf wins face-off versus Valtteri Filppula in Devils zone.
13:39 of 3rd period - Ryan Getzlaf is hit by Mike Fisher.
14:11 of 3rd period - Shot by Ryan Getzlaf.
14:11 of 3rd period - Deflect By Phil Kessel.
14:11 of 3rd period - Shot Misses the Net.
14:13 of 3rd period - Shot by Ryan Getzlaf.
14:13 of 3rd period - Goal by Ryan Getzlaf - Devils : 5 - Hurricanes : 1.
14:14 of 3rd period - Ryan Kesler wins face-off versus Zack Smith in neutral zone.
17:01 of 3rd period - Icing by Carl Gunnarsson.
17:02 of 3rd period - Drew Stafford wins face-off versus Will Acton in Devils zone.
17:54 of 3rd period - Shot by Ryan Getzlaf.
17:54 of 3rd period - Stopped by Nathan Lieuwen without a rebound.
17:55 of 3rd period - Ryan Getzlaf wins face-off versus Ryan Kesler in Hurricanes zone.
17:58 of 3rd period - Shot by Ryan Getzlaf.
17:58 of 3rd period - Shot Misses the Net.
18:00 of 3rd period - Shot by Sheldon Souray.
18:00 of 3rd period - Stopped by Nathan Lieuwen without a rebound.
18:01 of 3rd period - Ryan Getzlaf wins face-off versus Ryan Kesler in Hurricanes zone.
18:35 of 3rd period - Icing by Ron Hainsey.
18:36 of 3rd period - Ryan Kesler wins face-off versus Zack Smith in Hurricanes zone.
18:59 of 3rd period - Shot by Daniel Winnik.
18:59 of 3rd period - Shot Misses the Net.
19:11 of 3rd period - Shot by Mike Fisher.
19:11 of 3rd period - Shot Misses the Net.
19:13 of 3rd period - Shot by Ben Lovejoy.
19:13 of 3rd period - Stopped by Corey Crawford without a rebound.
19:14 of 3rd period - Mike Fisher wins face-off versus Ryan Getzlaf in Devils zone.
19:24 of 3rd period - Icing by Oliver Ekman-Larsson.
19:25 of 3rd period - Ryan Kesler wins face-off versus Ryan Getzlaf in Devils zone.
19:52 of 3rd period - Shot by Phil Kessel.
19:52 of 3rd period - Stopped by Nathan Lieuwen with a rebound.
19:54 of 3rd period - Shot by Oliver Ekman-Larsson.
19:54 of 3rd period - Shot Blocked by Nate Guenin.
19:56 of 3rd period - Shot by Ryan Getzlaf.
19:56 of 3rd period - Shot Misses the Net.
Goals for this period are 2 for Devils vs 0 for Hurricanes.
Shots for this period are 10 for Devils vs 11 for Hurricanes.


Output by the SimonT Hockey Simulator (STHS) for Mathias Vaigur -- Original Page W3C XHTML 1.0 Valid
Hockey Simulator - Hockey Simulation - Hockey Manager